Login

Tampa Bay Lightning vs Montreal Canadiens

Created - 11 March 2024 at 00:23

Goals
1 2 3 OT1 T
Tampa Bay Lightning 0 0 2 1 3
Montreal Canadiens 2 0 0 0 2
Shots
1 2 3 OT1 T
Tampa Bay Lightning 13 2 11 3 29
Montreal Canadiens 21 14 9 1 45

GoalsPenalties
1st period
1. Montreal Canadiens , Kirby Dach 3 (Cole Caufield 3, Nick Suzuki 4) at 7:46
2. Montreal Canadiens , Kirby Dach 4 (Sean Monahan 2, Josh Anderson 2) at 10:17 (PP)
Steven Stamkos (TBL) for Holding (Minor) at 8:36
Steven Stamkos (TBL) for Holding (Minor) at 19:46
2nd period
No Goal
Michael Eyssimont (TBL) for Holding (Minor) at 1:01
Kirby Dach (MTL) for Hooking (Minor) at 5:15
Erik Cernak (TBL) for Cross-checking (Minor) at 9:27
Philippe Myers (TBL) for Tripping (Minor) at 15:02
3rd period
3. Tampa Bay Lightning , Nikita Kucherov 2 (Steven Stamkos 2) at 1:36
4. Tampa Bay Lightning , Steven Stamkos 2 (Erik Cernak 2, Andrei Vasilevskiy) at 5:26
Tanner Jeannot (TBL) for Diving (Minor) at 3:33
Mike Matheson (MTL) for Holding (Minor) at 3:57
Josh Anderson (MTL) for Holding (Minor) at 12:58
Tanner Jeannot (TBL) for Roughing (Minor) at 13:42
Overtime #1
5. Tampa Bay Lightning , Nicholas Paul 1 (Mikhail Sergachev 3, Conor Sheary 1) at 1:17
No Penalty
Goalie Stats
Andrei Vasilevskiy (TBL), 43 saves from 45 shots - (0.956), W, 3-1-0, 61:17 minutes
Jake Allen (MTL), 26 saves from 29 shots - (0.897), OTL, 2-0-2, 61:17 minutes
3 StarsOfficial
1 - Andrei Vasilevskiy (TBL)
2 - Kirby Dach (MTL)
3 - Mikhail Sergachev (TBL)
Referees : Chris Rooney and Kendrick Nicholson
Linesman : Ken Bonham and Kory Nagy
Game Note
No Game Note
Finance
Level 1 -- Attendance: 4331 (72.18%) -- Ticket Income $498,065
Level 2 -- Attendance: 3350 (67.00%) -- Ticket Income $234,500
Level 3 -- Attendance: 1452 (72.60%) -- Ticket Income $58,080
Level 4 -- Attendance: 2574 (64.35%) -- Ticket Income $77,220
Luxury Box -- Attendance: 667 (66.70%) -- Ticket Income $166,083
Game was played at the Bell Centre.
Total Attendance: 12374 (68.74%)
Total Ticket Income: $1,033,948
Other Income: $506,635
Total Income: $1,540,583



Team Name Goals Shots Shots Attemp Shots Blocked PIM HIT PP PK FO%
Tampa Bay Lightning 329451114150 / 3 (0%)149%
Montreal Canadiens 2457736171 / 7 (14%)051%

Tampa Bay Lightning
Player Name POS G A P +/- PIM HIT SHT SB MP PP MP PP SHT PK MP PK SHT FO% FOT GA TA
Anthony CirelliC0000000013:170:0001:30040% 510
Austin WatsonLW000100001:480:0000:0000% 100
Brandon HagelLW0000010022:451:3802:4800% 100
Brayden PointC0000013018:401:2802:05053% 1501
Calvin De-HaanD0001011514:070:0001:5600% 000
Conor ShearyLW0111003011:500:0000:0000% 010
Erik CernakD0111210121:161:0902:3400% 000
Luke GlendeningC000100000:480:0000:0000% 000
Michael EyssimontC000020014:130:0003:32022% 900
Mikhail SergachevD0110055326:501:5816:3800% 022
Nicholas PaulLW1011004014:141:2800:0000% 000
Nick PerbixD0001000011:220:0000:0000% 000
Nikita KucherovRW1010015025:441:3905:44075% 430
Philippe MyersD0001211020:561:0902:1600% 001
Steven StamkosC1120404024:591:3903:22062% 2600
Tanner JeannotLW0000410016:321:2800:1600% 100
Tyler MotteC0000010013:130:0000:00033% 300
Victor HedmanD000-1023127:351:5806:3800% 001
Montreal Canadiens
Player Name POS G A P +/- PIM HIT SHT SB MP PP MP PP SHT PK MP PK SHT FO% FOT GA TA
Alex NewhookLW0000014013:260:0000:030100% 100
Alexander EdlerD000-1021023:143:2402:2500% 001
Christian DvorakC000-1016019:516:0650:000100% 110
Cole CaufieldRW011-1014021:166:1420:3200% 112
David SavardD000-1011022:023:2401:0600% 000
Derick BrassardC0001020112:250:0000:1400% 000
Johnathan KovacevicD0000002116:570:2310:4200% 000
Jordan HarrisD0000001013:020:0000:0000% 001
Josh AndersonRW0110202021:013:5501:40050% 201
Josh BaileyRW0001002012:030:0000:0000% 100
Justin BarronD000-100010:310:0800:0000% 000
Kaiden GuhleD0000000013:330:0000:0000% 011
Kirby DachC2020236017:093:3310:00050% 1000
Mike MathesonD0000202025:226:2822:0100% 001
Nick SuzukiC011-10410027:586:2862:21054% 3710
Rafael Harvey-PinardLW000-100006:590:0000:5200% 010
Sean MonahanC011-101109:533:3210:32050% 200
Vladislav NamestnikovC000-1013021:096:2910:00040% 1000

Tampa Bay Lightning

5 vs 5 Forward
Line #Left WingCenterRight WingPHYDFOFWanted %Time %Time Play
1Brandon HagelSteven StamkosNikita Kucherov1224037%16:06
2Nicholas PaulBrayden PointTanner Jeannot1223032%14:12
3Conor ShearyAnthony CirelliTyler Motte1222026%11:37
4Tanner JeannotTyler MotteSteven Stamkos122105%2:07
5 vs 5 Defense
Line #DefenseDefensePHYDFOFWanted %Time %Time Play
1Victor HedmanMikhail Sergachev1224036%15:47
2Erik CernakPhilippe Myers1223036%16:04
3Nick PerbixCalvin De-Haan1222026%11:22
4Victor HedmanMikhail Sergachev122102%0:49
Power Play Forward
Line #Left WingCenterRight WingPHYDFOFWanted %Time %Time Play
1Brandon HagelSteven StamkosNikita Kucherov1226053%1:39
2Nicholas PaulBrayden PointTanner Jeannot1224047%1:28
Power Play Defense
Line #DefenseDefensePHYDFOFWanted %Time %Time Play
1Victor HedmanMikhail Sergachev1226063%1:58
2Erik CernakPhilippe Myers1224037%1:09
Penalty Kill 4 Players Forward
Line #CenterWingPHYDFOFWanted %Time %Time Play
1Steven StamkosNikita Kucherov1226078%7:12
2Brayden PointBrandon Hagel1224022%2:05
Penalty Kill 4 Players Defense
Line #DefenseDefensePHYDFOFWanted %Time %Time Play
1Victor HedmanMikhail Sergachev1226064%5:54
2Erik CernakPhilippe Myers1224036%3:23
Penalty Kill 3 Players
Line #WingPHYDFOFWanted %Time %Time PlayDefenseDefensePHYDFOFWanted %Time %Time Play
1Steven Stamkos12260100%0:44 Victor HedmanMikhail Sergachev12260100%0:44
2Nikita Kucherov122400%0:00 Erik CernakPhilippe Myers122400%0:00
4 vs 4 Forward
Line #CenterWingPHYDFOFWanted %Time %Time Play
1Steven StamkosNikita Kucherov1226074%2:06
2Brayden PointBrandon Hagel1224026%0:44
4 vs 4 Defense
Line #DefensePHYDFOFWanted %Time %Time Play
1Victor HedmanMikhail Sergachev1226048%60% - 1:22
2Erik CernakPhilippe Myers1224052%40% - 1:28
Last Minutes Offensive
Left WingCenterRight WingDefenseDefense
Brandon HagelSteven StamkosNikita KucherovVictor HedmanMikhail Sergachev
Last Minutes Defensive
Left WingCenterRight WingDefenseDefense
Brandon HagelSteven StamkosNikita KucherovVictor HedmanMikhail Sergachev
Time
Total ForwardTotal DefenseLast Minutes OffensiveLast Minutes Defensive
60:00 60:00 0:000:00
Extra Forwards
Normal PowerPlayPenalty Kill
Austin Watson, Luke Glendening, Michael EyssimontAustin Watson, Luke GlendeningMichael Eyssimont
Extra Defensemen
Normal PowerPlayPenalty Kill
Nick Perbix, Calvin De-Haan, Erik CernakNick Perbix, Calvin De-HaanErik Cernak
Penalty Shots
Steven Stamkos, Nikita Kucherov, Brayden Point, Brandon Hagel, Nicholas Paul
Goalie
Andrei Vasilevskiy, Jonas Johansson
Custom OT Lines Forwards
Steven Stamkos, Nikita Kucherov, Brayden Point, Brandon Hagel, Nicholas Paul, Conor Sheary, Anthony Cirelli, Tanner Jeannot, Tyler Motte, Austin Watson
Custom OT Lines Defensemen
Victor Hedman, Mikhail Sergachev, Erik Cernak, Philippe Myers, Nick Perbix
Scratches
Haydn Fleury (Healthy), Darren Raddysh (Healthy)

Montreal Canadiens

5 vs 5 Forward
Line #Left WingCenterRight WingPHYDFOFWanted %Time %Time Play
1Christian DvorakNick SuzukiCole Caufield1133933%14:32
2Alex NewhookVladislav NamestnikovJosh Anderson2123332%14:09
3Derick BrassardKirby DachJosh Bailey2211725%10:54
4Rafael Harvey-PinardSean MonahanNick Suzuki1311110%4:27
5 vs 5 Defense
Line #DefenseDefensePHYDFOFWanted %Time %Time Play
1David SavardAlexander Edler1223637%16:08
2Mike MathesonJohnathan Kovacevic2213634%14:52
3Jordan HarrisKaiden Guhle2302830%13:02
4Mike MathesonJohnathan Kovacevic12200%0:00
Power Play Forward
Line #Left WingCenterRight WingPHYDFOFWanted %Time %Time Play
1Christian DvorakNick SuzukiVladislav Namestnikov1046365%6:29
2Sean MonahanKirby DachJosh Anderson0233735%3:32
Power Play Defense
Line #DefenseDefensePHYDFOFWanted %Time %Time Play
1Cole CaufieldMike Matheson1226362%6:14
2Alexander EdlerDavid Savard1223738%3:47
Penalty Kill 4 Players Forward
Line #CenterWingPHYDFOFWanted %Time %Time Play
1Nick SuzukiJosh Anderson1406083%2:35
2Sean MonahanCole Caufield1404017%0:32
Penalty Kill 4 Players Defense
Line #DefenseDefensePHYDFOFWanted %Time %Time Play
1Alexander EdlerMike Matheson2306078%2:25
2David SavardJohnathan Kovacevic2304022%0:42
Penalty Kill 3 Players
Line #WingPHYDFOFWanted %Time %Time PlayDefenseDefensePHYDFOFWanted %Time %Time Play
1Nick Suzuki140560%0:00 David SavardJohnathan Kovacevic140570%0:00
2Kirby Dach140440%0:00 Mike MathesonAlexander Edler140430%0:00
4 vs 4 Forward
Line #CenterWingPHYDFOFWanted %Time %Time Play
1Nick SuzukiJosh Anderson12263100%2:50
2Sean MonahanCole Caufield113370%0:00
4 vs 4 Defense
Line #DefensePHYDFOFWanted %Time %Time Play
1Alexander EdlerDavid Savard2216356%63% - 1:36
2Mike MathesonJohnathan Kovacevic2213744%37% - 1:14
Last Minutes Offensive
Left WingCenterRight WingDefenseDefense
Kirby DachNick SuzukiCole CaufieldDavid SavardJosh Anderson
Last Minutes Defensive
Left WingCenterRight WingDefenseDefense
Nick SuzukiSean MonahanJosh AndersonAlexander EdlerMike Matheson
Time
Total ForwardTotal DefenseLast Minutes OffensiveLast Minutes Defensive
60:00 60:00 0:000:00
Extra Forwards
Normal PowerPlayPenalty Kill
Nick Suzuki, Kirby Dach, Vladislav NamestnikovNick Suzuki, Kirby DachNick Suzuki
Extra Defensemen
Normal PowerPlayPenalty Kill
Kaiden Guhle, Mike Matheson, Alexander EdlerMike Matheson, Alexander EdlerKaiden Guhle
Penalty Shots
Nick Suzuki, Kirby Dach, Cole Caufield, Sean Monahan, Josh Anderson
Goalie
Jake Allen, Sam Montembeault
Custom OT Lines Forwards
Nick Suzuki, Cole Caufield, Josh Anderson, Kirby Dach, Sean Monahan, Vladislav Namestnikov, Alex Newhook, Rafael Harvey-Pinard, Derick Brassard, Josh Bailey
Custom OT Lines Defensemen
David Savard, Mike Matheson, Kaiden Guhle, Alexander Edler, Johnathan Kovacevic
Scratches
Joel Armia (Healthy), Gustav Lindstrom (Healthy), Michael Pezzetta (Healthy)


Play-by-Play

1st period


0:01 of 1st period - Steven Stamkos wins face-off versus Nick Suzuki in neutral zone.
0:04 of 1st period - Wrist shot by Brandon Hagel.
0:04 of 1st period - Deflect By Steven Stamkos.
0:04 of 1st period - Stopped by Jake Allen with a rebound.
0:10 of 1st period - Nikita Kucherov is hit by David Savard.
0:33 of 1st period - Slapshot by Alex Newhook.
0:33 of 1st period - Stopped by Andrei Vasilevskiy with a rebound.
0:35 of 1st period - Slapshot by Alexander Edler.
0:35 of 1st period - Stopped by Andrei Vasilevskiy without a rebound.
0:36 of 1st period - Anthony Cirelli wins face-off versus Josh Bailey in Tampa Bay Lightning zone.
0:51 of 1st period - Snap shot by Conor Sheary.
0:51 of 1st period - Stopped by Jake Allen with a rebound.
0:53 of 1st period - Snap shot by Philippe Myers.
0:53 of 1st period - Shot Misses the Net.
1:07 of 1st period - Wrist shot by Brayden Point.
1:07 of 1st period - Stopped by Jake Allen with a rebound.
1:09 of 1st period - Snap shot by Calvin De-Haan.
1:09 of 1st period - Stopped by Jake Allen without a rebound.
1:10 of 1st period - Brayden Point wins face-off versus Vladislav Namestnikov in Montreal Canadiens zone.
1:17 of 1st period - Slapshot by Mikhail Sergachev.
1:17 of 1st period - Deflect By Josh Anderson.
1:17 of 1st period - Stopped by Jake Allen with a rebound.
1:19 of 1st period - Slapshot by Brayden Point.
1:19 of 1st period - Stopped by Jake Allen without a rebound.
1:20 of 1st period - Vladislav Namestnikov wins face-off versus Steven Stamkos in Montreal Canadiens zone.
1:20 of 1st period - Vladislav Namestnikov is hit by Victor Hedman.
1:31 of 1st period - Wrist shot by Josh Anderson.
1:31 of 1st period - Deflect By Nikita Kucherov.
1:31 of 1st period - Stopped by Andrei Vasilevskiy without a rebound.
1:32 of 1st period - Nick Suzuki wins face-off versus Tyler Motte in Tampa Bay Lightning zone.
1:59 of 1st period - Kaiden Guhle is hit by Mikhail Sergachev.
3:14 of 1st period - Snap shot by Cole Caufield.
3:14 of 1st period - Stopped by Andrei Vasilevskiy without a rebound.
3:15 of 1st period - Brayden Point wins face-off versus Nick Suzuki in Tampa Bay Lightning zone.
3:26 of 1st period - Slapshot by Brayden Point.
3:26 of 1st period - Stopped by Jake Allen with a rebound.
3:28 of 1st period - Wrist shot by Nicholas Paul.
3:28 of 1st period - Stopped by Jake Allen without a rebound.
3:29 of 1st period - Vladislav Namestnikov wins face-off versus Steven Stamkos in Montreal Canadiens zone.
3:56 of 1st period - Nick Suzuki is hit by Mikhail Sergachev and loses puck.
4:25 of 1st period - David Savard is hit by Philippe Myers and loses puck.
4:56 of 1st period - Slapshot by Josh Anderson.
4:56 of 1st period - Stopped by Andrei Vasilevskiy with a rebound.
5:02 of 1st period - Wrist shot by Alex Newhook.
5:02 of 1st period - Stopped by Andrei Vasilevskiy with a rebound.
5:04 of 1st period - Wrist shot by Alex Newhook.
5:04 of 1st period - Stopped by Andrei Vasilevskiy with a rebound.
5:06 of 1st period - Snap shot by Alexander Edler.
5:06 of 1st period - Shot Blocked by Calvin De-Haan.
5:20 of 1st period - Wrist shot by Brayden Point.
5:20 of 1st period - Shot Blocked by Johnathan Kovacevic.
6:33 of 1st period - Nicholas Paul is hit by Alex Newhook and loses puck.
7:16 of 1st period - Tanner Jeannot is hit by Sean Monahan.
7:26 of 1st period - Steven Stamkos is hit by Vladislav Namestnikov and loses puck.
7:34 of 1st period - Icing by Victor Hedman.
7:35 of 1st period - Nick Suzuki wins face-off versus Steven Stamkos in Tampa Bay Lightning zone.
7:44 of 1st period - Wrist shot by Kirby Dach.
7:44 of 1st period - Shot Misses the Net.
7:46 of 1st period - Snap shot by Kirby Dach.
7:46 of 1st period - Goal by Kirby Dach - Tampa Bay Lightning : 0 - Montreal Canadiens : 1.
7:47 of 1st period - Nick Suzuki wins face-off versus Tanner Jeannot in neutral zone.
8:19 of 1st period - Wrist shot by Kirby Dach.
8:19 of 1st period - Shot Hit the Post.
8:21 of 1st period - Snap shot by Johnathan Kovacevic.
8:21 of 1st period - Shot Misses the Net.
8:23 of 1st period - Snap shot by Johnathan Kovacevic.
8:23 of 1st period - Deflect By Kirby Dach.
8:23 of 1st period - Stopped by Andrei Vasilevskiy without a rebound.
8:24 of 1st period - Nick Suzuki wins face-off versus Steven Stamkos in Tampa Bay Lightning zone.
8:29 of 1st period - Wrist shot by Cole Caufield.
8:29 of 1st period - Deflect By Nick Suzuki.
8:29 of 1st period - Stopped by Andrei Vasilevskiy without a rebound.
8:30 of 1st period - Steven Stamkos wins face-off versus Cole Caufield in Tampa Bay Lightning zone.
8:36 of 1st period - Minor Penalty to Steven Stamkos for Holding.
8:37 of 1st period - Nick Suzuki wins face-off versus Michael Eyssimont in Tampa Bay Lightning zone.
8:37 of 1st period - Slapshot by Cole Caufield.
8:37 of 1st period - Shot Misses the Net.
8:39 of 1st period - Snap shot by Christian Dvorak.
8:39 of 1st period - Stopped by Andrei Vasilevskiy with a rebound.
8:41 of 1st period - Wrist shot by Nick Suzuki.
8:41 of 1st period - Shot Misses the Net.
8:43 of 1st period - Wrist shot by Mike Matheson.
8:43 of 1st period - Deflect By Christian Dvorak.
8:43 of 1st period - Stopped by Andrei Vasilevskiy without a rebound.
8:44 of 1st period - Nick Suzuki wins face-off versus Michael Eyssimont in Tampa Bay Lightning zone.
9:27 of 1st period - Snap shot by Nick Suzuki.
9:27 of 1st period - Stopped by Andrei Vasilevskiy with a rebound.
9:29 of 1st period - Wrist shot by Vladislav Namestnikov.
9:29 of 1st period - Shot Misses the Net.
9:31 of 1st period - Slapshot by Cole Caufield.
9:31 of 1st period - Deflect By Nick Suzuki.
9:31 of 1st period - Stopped by Andrei Vasilevskiy with a rebound.
9:35 of 1st period - Snap shot by Nick Suzuki.
9:35 of 1st period - Shot Blocked by Mikhail Sergachev.
9:55 of 1st period - Wrist shot by Nick Suzuki.
9:55 of 1st period - Shot Misses the Net.
9:59 of 1st period - Snap shot by Christian Dvorak.
9:59 of 1st period - Deflect By Nikita Kucherov.
9:59 of 1st period - Stopped by Andrei Vasilevskiy without a rebound.
10:00 of 1st period - Brayden Point wins face-off versus Kirby Dach in Tampa Bay Lightning zone.
10:17 of 1st period - Snap shot by Kirby Dach.
10:17 of 1st period - Goal by Kirby Dach - Tampa Bay Lightning : 0 - Montreal Canadiens : 2.
10:18 of 1st period - Brayden Point wins face-off versus Kirby Dach in neutral zone.
11:13 of 1st period - Wrist shot by Nikita Kucherov.
11:13 of 1st period - Deflect By Alex Newhook.
11:13 of 1st period - Stopped by Jake Allen with a rebound.
11:15 of 1st period - Slapshot by Victor Hedman.
11:15 of 1st period - Stopped by Jake Allen without a rebound.
11:16 of 1st period - Steven Stamkos wins face-off versus Nick Suzuki in Montreal Canadiens zone.
11:23 of 1st period - Mike Matheson is hit by Mikhail Sergachev and loses puck.
12:16 of 1st period - Wrist shot by Cole Caufield.
12:16 of 1st period - Stopped by Andrei Vasilevskiy with a rebound.
12:30 of 1st period - Wrist shot by Cole Caufield.
12:30 of 1st period - Shot Misses the Net.
12:32 of 1st period - Slapshot by Christian Dvorak.
12:32 of 1st period - Shot Misses the Net.
12:34 of 1st period - Slapshot by Nick Suzuki.
12:34 of 1st period - Deflect By Christian Dvorak.
12:34 of 1st period - Stopped by Andrei Vasilevskiy with a rebound.
12:36 of 1st period - Snap shot by Mike Matheson.
12:36 of 1st period - Shot Misses the Net.
12:38 of 1st period - Snap shot by Mike Matheson.
12:38 of 1st period - Shot Misses the Net.
12:44 of 1st period - Snap shot by Nick Suzuki.
12:44 of 1st period - Shot Misses the Net.
12:46 of 1st period - Snap shot by Cole Caufield.
12:46 of 1st period - Deflect By Nick Suzuki.
12:46 of 1st period - Stopped by Andrei Vasilevskiy with a rebound.
12:48 of 1st period - Slapshot by Mike Matheson.
12:48 of 1st period - Shot Misses the Net.
12:50 of 1st period - Snap shot by Nick Suzuki.
12:50 of 1st period - Stopped by Andrei Vasilevskiy with a rebound.
12:52 of 1st period - Snap shot by Johnathan Kovacevic.
12:52 of 1st period - Stopped by Andrei Vasilevskiy without a rebound.
12:53 of 1st period - Brayden Point wins face-off versus Vladislav Namestnikov in Tampa Bay Lightning zone.
13:27 of 1st period - Wrist shot by Kirby Dach.
13:27 of 1st period - Shot Blocked by Erik Cernak.
13:29 of 1st period - Slapshot by Alexander Edler.
13:29 of 1st period - Deflect By Derick Brassard.
13:29 of 1st period - Shot Misses the Net.
13:29 of 1st period - Puck is out of play.
13:30 of 1st period - Alex Newhook wins face-off versus Brayden Point in Tampa Bay Lightning zone.
13:31 of 1st period - Slapshot by Vladislav Namestnikov.
13:31 of 1st period - Shot Misses the Net.
17:03 of 1st period - Austin Watson is hit by Kirby Dach and loses puck.
17:29 of 1st period - Icing by Vladislav Namestnikov.
17:30 of 1st period - Tyler Motte wins face-off versus Vladislav Namestnikov in Montreal Canadiens zone.
17:50 of 1st period - Wrist shot by Conor Sheary.
17:50 of 1st period - Stopped by Jake Allen without a rebound.
17:51 of 1st period - Anthony Cirelli wins face-off versus Josh Anderson in Montreal Canadiens zone.
17:58 of 1st period - Slapshot by Victor Hedman.
17:58 of 1st period - Stopped by Jake Allen with a rebound.
18:23 of 1st period - Snap shot by Nicholas Paul.
18:23 of 1st period - Stopped by Jake Allen without a rebound.
18:24 of 1st period - Nikita Kucherov wins face-off versus Nick Suzuki in Montreal Canadiens zone.
19:00 of 1st period - Icing by Philippe Myers.
19:01 of 1st period - Nick Suzuki wins face-off versus Brayden Point in Tampa Bay Lightning zone.
19:22 of 1st period - Snap shot by Brayden Point.
19:22 of 1st period - Deflect By Nicholas Paul.
19:22 of 1st period - Shot Misses the Net.
19:22 of 1st period - Puck is out of play.
19:23 of 1st period - Steven Stamkos wins face-off versus Vladislav Namestnikov in Montreal Canadiens zone.
19:46 of 1st period - Minor Penalty to Steven Stamkos for Holding.
19:47 of 1st period - Nick Suzuki wins face-off versus Michael Eyssimont in Tampa Bay Lightning zone.
Goals for this period are 0 for Tampa Bay Lightning vs 2 for Montreal Canadiens.
Shots for this period are 13 for Tampa Bay Lightning vs 21 for Montreal Canadiens.

2nd period


0:01 of 2nd period - Nick Suzuki wins face-off versus Michael Eyssimont in neutral zone.
0:09 of 2nd period - Slapshot by Mike Matheson.
0:09 of 2nd period - Stopped by Andrei Vasilevskiy without a rebound.
0:10 of 2nd period - Nikita Kucherov wins face-off versus Nick Suzuki in Tampa Bay Lightning zone.
0:10 of 2nd period - Nikita Kucherov is hit by Cole Caufield.
0:24 of 2nd period - Slapshot by Mike Matheson.
0:24 of 2nd period - Deflect By Vladislav Namestnikov.
0:24 of 2nd period - Shot Blocked by Mikhail Sergachev.
0:24 of 2nd period - Puck is out of play.
0:25 of 2nd period - Michael Eyssimont wins face-off versus Vladislav Namestnikov in Tampa Bay Lightning zone.
0:28 of 2nd period - Snap shot by Nick Suzuki.
0:28 of 2nd period - Stopped by Andrei Vasilevskiy without a rebound.
0:29 of 2nd period - Nick Suzuki wins face-off versus Michael Eyssimont in Tampa Bay Lightning zone.
0:30 of 2nd period - Slapshot by Cole Caufield.
0:30 of 2nd period - Shot Blocked by Mikhail Sergachev.
0:36 of 2nd period - Slapshot by Cole Caufield.
0:36 of 2nd period - Deflect By Nikita Kucherov.
0:36 of 2nd period - Stopped by Andrei Vasilevskiy with a rebound.
0:38 of 2nd period - Snap shot by Christian Dvorak.
0:38 of 2nd period - Stopped by Andrei Vasilevskiy with a rebound.
0:40 of 2nd period - Slapshot by Cole Caufield.
0:40 of 2nd period - Shot Blocked by Michael Eyssimont.
0:42 of 2nd period - Slapshot by Vladislav Namestnikov.
0:42 of 2nd period - Stopped by Andrei Vasilevskiy without a rebound.
0:43 of 2nd period - Michael Eyssimont wins face-off versus Nick Suzuki in Tampa Bay Lightning zone.
0:50 of 2nd period - Slapshot by Mike Matheson.
0:50 of 2nd period - Shot Misses the Net.
0:52 of 2nd period - Snap shot by Nick Suzuki.
0:52 of 2nd period - Stopped by Andrei Vasilevskiy without a rebound.
0:53 of 2nd period - Nick Suzuki wins face-off versus Michael Eyssimont in Tampa Bay Lightning zone.
0:54 of 2nd period - Backhand shot by Mike Matheson.
0:54 of 2nd period - Stopped by Andrei Vasilevskiy with a rebound.
0:56 of 2nd period - Wrist shot by Christian Dvorak.
0:56 of 2nd period - Stopped by Andrei Vasilevskiy without a rebound.
0:57 of 2nd period - Nick Suzuki wins face-off versus Michael Eyssimont in Tampa Bay Lightning zone.
1:01 of 2nd period - Minor Penalty to Michael Eyssimont for Holding.
1:02 of 2nd period - Nick Suzuki wins face-off versus Anthony Cirelli in Tampa Bay Lightning zone.
1:02 of 2nd period - Slapshot by Cole Caufield.
1:02 of 2nd period - Stopped by Andrei Vasilevskiy without a rebound.
1:03 of 2nd period - Nick Suzuki wins face-off versus Anthony Cirelli in Tampa Bay Lightning zone.
1:16 of 2nd period - Snap shot by Nick Suzuki.
1:16 of 2nd period - Stopped by Andrei Vasilevskiy without a rebound.
1:17 of 2nd period - Nick Suzuki wins face-off versus Anthony Cirelli in Tampa Bay Lightning zone.
1:46 of 2nd period - Penalty to Steven Stamkos is over, Steven Stamkos is back on ice.
2:19 of 2nd period - Nikita Kucherov is hit by Alexander Edler and loses puck.
3:01 of 2nd period - Penalty to Michael Eyssimont is over, Michael Eyssimont is back on ice.
3:36 of 2nd period - Jordan Harris is hit by Calvin De-Haan and loses puck.
3:47 of 2nd period - Steven Stamkos is hit by Derick Brassard.
5:15 of 2nd period - Minor Penalty to Kirby Dach for Hooking.
5:16 of 2nd period - Steven Stamkos wins face-off versus Nick Suzuki in Montreal Canadiens zone.
5:18 of 2nd period - Wrist shot by Nikita Kucherov.
5:18 of 2nd period - Deflect By Brandon Hagel.
5:18 of 2nd period - Shot Misses the Net.
5:18 of 2nd period - Puck is out of play.
5:19 of 2nd period - Steven Stamkos wins face-off versus Nick Suzuki in Montreal Canadiens zone.
5:48 of 2nd period - Mike Matheson is hit by Tanner Jeannot and loses puck.
5:57 of 2nd period - Snap shot by Brayden Point.
5:57 of 2nd period - Deflect By Nicholas Paul.
5:57 of 2nd period - Shot Misses the Net.
5:57 of 2nd period - Puck is out of play.
5:58 of 2nd period - Nick Suzuki wins face-off versus Steven Stamkos in Montreal Canadiens zone.
6:36 of 2nd period - Slapshot by Mikhail Sergachev.
6:36 of 2nd period - Stopped by Jake Allen without a rebound.
6:37 of 2nd period - Josh Anderson wins face-off versus Brayden Point in Montreal Canadiens zone.
7:02 of 2nd period - Mike Matheson is hit by Nikita Kucherov and loses puck.
7:15 of 2nd period - Penalty to Kirby Dach is over, Kirby Dach is back on ice.
7:17 of 2nd period - Alexander Edler is hit by Victor Hedman and loses puck.
7:58 of 2nd period - Snap shot by Vladislav Namestnikov.
7:58 of 2nd period - Shot Misses the Net.
9:27 of 2nd period - Minor Penalty to Erik Cernak for Cross-checking.
9:28 of 2nd period - Kirby Dach wins face-off versus Steven Stamkos in Tampa Bay Lightning zone.
10:28 of 2nd period - Christian Dvorak is hit by Brandon Hagel.
11:17 of 2nd period - Nick Suzuki is hit by Mikhail Sergachev and loses puck.
11:27 of 2nd period - Penalty to Erik Cernak is over, Erik Cernak is back on ice.
11:36 of 2nd period - Snap shot by Brayden Point.
11:36 of 2nd period - Deflect By Tanner Jeannot.
11:36 of 2nd period - Shot Blocked by Justin Barron.
11:36 of 2nd period - Puck is out of play.
11:37 of 2nd period - Kirby Dach wins face-off versus Brayden Point in Montreal Canadiens zone.
12:28 of 2nd period - Off-side.
12:29 of 2nd period - Vladislav Namestnikov wins face-off versus Brayden Point in neutral zone.
14:01 of 2nd period - Slapshot by Alex Newhook.
14:01 of 2nd period - Stopped by Andrei Vasilevskiy with a rebound.
14:11 of 2nd period - Cole Caufield is hit by Tyler Motte and loses puck.
14:40 of 2nd period - Slapshot by Nicholas Paul.
14:40 of 2nd period - Stopped by Jake Allen without a rebound.
14:41 of 2nd period - Steven Stamkos wins face-off versus Vladislav Namestnikov in Montreal Canadiens zone.
14:50 of 2nd period - Snap shot by Nikita Kucherov.
14:50 of 2nd period - Shot Misses the Net.
14:56 of 2nd period - Wrist shot by Vladislav Namestnikov.
14:56 of 2nd period - Stopped by Andrei Vasilevskiy with a rebound.
15:02 of 2nd period - Minor Penalty to Philippe Myers for Tripping.
15:03 of 2nd period - Steven Stamkos wins face-off versus Nick Suzuki in Tampa Bay Lightning zone.
15:22 of 2nd period - Victor Hedman is hit by Nick Suzuki.
16:33 of 2nd period - Victor Hedman is hit by Kirby Dach.
16:43 of 2nd period - Calvin De-Haan is hit by Nick Suzuki and loses puck.
17:02 of 2nd period - Penalty to Philippe Myers is over, Philippe Myers is back on ice.
17:49 of 2nd period - Brandon Hagel is hit by Derick Brassard.
18:15 of 2nd period - Slapshot by Josh Bailey.
18:15 of 2nd period - Shot Blocked by Calvin De-Haan.
18:17 of 2nd period - Slapshot by Kaiden Guhle.
18:17 of 2nd period - Shot Misses the Net.
18:19 of 2nd period - Slapshot by Jordan Harris.
18:19 of 2nd period - Stopped by Andrei Vasilevskiy with a rebound.
18:21 of 2nd period - Wrist shot by Josh Bailey.
18:21 of 2nd period - Stopped by Andrei Vasilevskiy with a rebound.
18:23 of 2nd period - Snap shot by Sean Monahan.
18:23 of 2nd period - Deflect By Josh Bailey.
18:23 of 2nd period - Shot Blocked by Calvin De-Haan.
18:23 of 2nd period - Puck is out of play.
18:24 of 2nd period - Christian Dvorak wins face-off versus Tyler Motte in Tampa Bay Lightning zone.
19:53 of 2nd period - Tanner Jeannot is hit by Kirby Dach and loses puck.
Goals for this period are 0 for Tampa Bay Lightning vs 0 for Montreal Canadiens.
Shots for this period are 2 for Tampa Bay Lightning vs 14 for Montreal Canadiens.

3rd period


0:01 of 3rd period - Steven Stamkos wins face-off versus Nick Suzuki in neutral zone.
0:27 of 3rd period - Nicholas Paul is hit by Alexander Edler and loses puck.
1:10 of 3rd period - Snap shot by Kirby Dach.
1:10 of 3rd period - Stopped by Andrei Vasilevskiy without a rebound.
1:11 of 3rd period - Sean Monahan wins face-off versus Steven Stamkos in Tampa Bay Lightning zone.
1:21 of 3rd period - Icing by Nick Perbix.
1:22 of 3rd period - Steven Stamkos wins face-off versus Nick Suzuki in Tampa Bay Lightning zone.
1:22 of 3rd period - Steven Stamkos is hit by Christian Dvorak.
1:32 of 3rd period - Snap shot by Nikita Kucherov.
1:32 of 3rd period - Shot Misses the Net.
1:34 of 3rd period - Snap shot by Steven Stamkos.
1:34 of 3rd period - Shot Misses the Net.
1:36 of 3rd period - Snap shot by Nikita Kucherov.
1:36 of 3rd period - Goal by Nikita Kucherov - Tampa Bay Lightning : 1 - Montreal Canadiens : 2.
1:37 of 3rd period - Nick Suzuki wins face-off versus Brandon Hagel in neutral zone.
1:56 of 3rd period - Brandon Hagel is hit by Nick Suzuki and loses puck.
2:22 of 3rd period - Snap shot by Steven Stamkos.
2:22 of 3rd period - Stopped by Jake Allen with a rebound.
2:24 of 3rd period - Snap shot by Nikita Kucherov.
2:24 of 3rd period - Shot Misses the Net.
2:26 of 3rd period - Slapshot by Mikhail Sergachev.
2:26 of 3rd period - Stopped by Jake Allen with a rebound.
2:36 of 3rd period - Icing by David Savard.
2:37 of 3rd period - Nick Suzuki wins face-off versus Brayden Point in Montreal Canadiens zone.
3:33 of 3rd period - Minor Penalty to Tanner Jeannot for Diving.
3:34 of 3rd period - Kirby Dach wins face-off versus Steven Stamkos in Tampa Bay Lightning zone.
3:34 of 3rd period - Snap shot by Sean Monahan.
3:34 of 3rd period - Stopped by Andrei Vasilevskiy with a rebound.
3:57 of 3rd period - Minor Penalty to Mike Matheson for Holding.
3:58 of 3rd period - Steven Stamkos wins face-off versus Nick Suzuki in Montreal Canadiens zone.
3:59 of 3rd period - Snap shot by Nikita Kucherov.
3:59 of 3rd period - Stopped by Jake Allen with a rebound.
4:01 of 3rd period - Slapshot by Mikhail Sergachev.
4:01 of 3rd period - Stopped by Jake Allen with a rebound.
5:16 of 3rd period - Snap shot by Vladislav Namestnikov.
5:16 of 3rd period - Shot Hit the Post.
5:26 of 3rd period - Slapshot by Steven Stamkos.
5:26 of 3rd period - Goal by Steven Stamkos - Tampa Bay Lightning : 2 - Montreal Canadiens : 2.
5:27 of 3rd period - Steven Stamkos wins face-off versus Nick Suzuki in neutral zone.
5:33 of 3rd period - Penalty to Tanner Jeannot is over, Tanner Jeannot is back on ice.
5:57 of 3rd period - Penalty to Mike Matheson is over, Mike Matheson is back on ice.
6:20 of 3rd period - Snap shot by Josh Bailey.
6:20 of 3rd period - Stopped by Andrei Vasilevskiy with a rebound.
6:22 of 3rd period - Slapshot by David Savard.
6:22 of 3rd period - Stopped by Andrei Vasilevskiy without a rebound.
6:23 of 3rd period - Brayden Point wins face-off versus Kirby Dach in Tampa Bay Lightning zone.
6:27 of 3rd period - Off-side.
6:28 of 3rd period - Brayden Point wins face-off versus Kirby Dach in neutral zone.
7:36 of 3rd period - Icing by Erik Cernak.
7:37 of 3rd period - Steven Stamkos wins face-off versus Sean Monahan in Tampa Bay Lightning zone.
7:46 of 3rd period - Wrist shot by Steven Stamkos.
7:46 of 3rd period - Deflect By Nikita Kucherov.
7:46 of 3rd period - Stopped by Jake Allen with a rebound.
7:48 of 3rd period - Slapshot by Erik Cernak.
7:48 of 3rd period - Shot Misses the Net.
7:50 of 3rd period - Backhand shot by Philippe Myers.
7:50 of 3rd period - Stopped by Jake Allen with a rebound.
7:52 of 3rd period - Slapshot by Brandon Hagel.
7:52 of 3rd period - Shot Misses the Net.
8:25 of 3rd period - Wrist shot by Nick Suzuki.
8:25 of 3rd period - Shot Misses the Net.
8:47 of 3rd period - Snap shot by Nikita Kucherov.
8:47 of 3rd period - Shot Blocked by Derick Brassard.
8:49 of 3rd period - Snap shot by Victor Hedman.
8:49 of 3rd period - Stopped by Jake Allen without a rebound.
8:50 of 3rd period - Vladislav Namestnikov wins face-off versus Steven Stamkos in Montreal Canadiens zone.
9:16 of 3rd period - Snap shot by Steven Stamkos.
9:16 of 3rd period - Stopped by Jake Allen with a rebound.
9:36 of 3rd period - Snap shot by Vladislav Namestnikov.
9:36 of 3rd period - Stopped by Andrei Vasilevskiy without a rebound.
9:37 of 3rd period - Brayden Point wins face-off versus Nick Suzuki in Tampa Bay Lightning zone.
10:04 of 3rd period - Kaiden Guhle is hit by Erik Cernak and loses puck.
10:58 of 3rd period - Mikhail Sergachev is hit by Nick Suzuki and loses puck.
11:37 of 3rd period - Slapshot by Mike Matheson.
11:37 of 3rd period - Shot Blocked by Calvin De-Haan.
11:51 of 3rd period - Slapshot by Nick Suzuki.
11:51 of 3rd period - Stopped by Andrei Vasilevskiy with a rebound.
12:05 of 3rd period - Slapshot by Kirby Dach.
12:05 of 3rd period - Stopped by Andrei Vasilevskiy without a rebound.
12:06 of 3rd period - Kirby Dach wins face-off versus Brayden Point in Tampa Bay Lightning zone.
12:37 of 3rd period - Slapshot by Vladislav Namestnikov.
12:37 of 3rd period - Shot Misses the Net.
12:58 of 3rd period - Minor Penalty to Josh Anderson for Holding.
12:59 of 3rd period - Nick Suzuki wins face-off versus Nikita Kucherov in Montreal Canadiens zone.
13:42 of 3rd period - Minor Penalty to Tanner Jeannot for Roughing.
13:43 of 3rd period - Steven Stamkos wins face-off versus Nick Suzuki in Tampa Bay Lightning zone.
14:58 of 3rd period - Penalty to Josh Anderson is over, Josh Anderson is back on ice.
15:18 of 3rd period - Snap shot by Nick Suzuki.
15:18 of 3rd period - Stopped by Andrei Vasilevskiy with a rebound.
15:20 of 3rd period - Snap shot by Johnathan Kovacevic.
15:20 of 3rd period - Stopped by Andrei Vasilevskiy without a rebound.
15:21 of 3rd period - Steven Stamkos wins face-off versus Kirby Dach in Tampa Bay Lightning zone.
15:42 of 3rd period - Penalty to Tanner Jeannot is over, Tanner Jeannot is back on ice.
18:19 of 3rd period - Snap shot by Conor Sheary.
18:19 of 3rd period - Stopped by Jake Allen with a rebound.
18:21 of 3rd period - Snap shot by Anthony Cirelli.
18:21 of 3rd period - Shot Misses the Net.
18:23 of 3rd period - Wrist shot by Tyler Motte.
18:23 of 3rd period - Deflect By Conor Sheary.
18:23 of 3rd period - Shot Hit the Post.
18:23 of 3rd period - Puck is out of play.
18:24 of 3rd period - Nikita Kucherov wins face-off versus Nick Suzuki in Montreal Canadiens zone.
18:53 of 3rd period - Wrist shot by Alex Newhook.
18:53 of 3rd period - Shot Blocked by Calvin De-Haan.
19:47 of 3rd period - Off-side.
19:48 of 3rd period - Kirby Dach wins face-off versus Austin Watson in neutral zone.
19:58 of 3rd period - Jordan Harris is hit by Mikhail Sergachev and loses puck.
Goals for this period are 2 for Tampa Bay Lightning vs 0 for Montreal Canadiens.
Shots for this period are 11 for Tampa Bay Lightning vs 9 for Montreal Canadiens.

Overtime #1


0:01 of 1st overtime period - Steven Stamkos wins face-off versus Nick Suzuki in neutral zone.
0:10 of 1st overtime period - Snap shot by Nikita Kucherov.
0:10 of 1st overtime period - Stopped by Jake Allen without a rebound.
0:11 of 1st overtime period - Nick Suzuki wins face-off versus Steven Stamkos in Montreal Canadiens zone.
0:27 of 1st overtime period - Snap shot by Cole Caufield.
0:27 of 1st overtime period - Shot Blocked by Victor Hedman.
0:37 of 1st overtime period - Josh Anderson is hit by Brayden Point.
1:07 of 1st overtime period - Backhand shot by Kirby Dach.
1:07 of 1st overtime period - Stopped by Andrei Vasilevskiy with a rebound.
1:13 of 1st overtime period - Snap shot by Mikhail Sergachev.
1:13 of 1st overtime period - Shot Misses the Net.
1:15 of 1st overtime period - Slapshot by Mikhail Sergachev.
1:15 of 1st overtime period - Stopped by Jake Allen with a rebound.
1:17 of 1st overtime period - Wrist shot by Nicholas Paul.
1:17 of 1st overtime period - Goal by Nicholas Paul - Tampa Bay Lightning : 3 - Montreal Canadiens : 2.
Goals for this period are 1 for Tampa Bay Lightning vs 0 for Montreal Canadiens.
Shots for this period are 3 for Tampa Bay Lightning vs 1 for Montreal Canadiens.